Map: Omicron

Players

zod - Winner!

  • Race: Terran Terran
  • League: Silver
  • Spawn Location: 9:00

Blubbel - Winner!

  • Race: Terran Terran
  • League: Silver
  • Spawn Location: 7:00

TurkeyMan

  • Race: Zerg Zerg
  • Spawn Location: 1:00

Rellen

  • Race: Protoss Protoss
  • Spawn Location: 3:00

VOD

Have the link to the VOD?

Description

Time

  • Played on: Jan. 10, 2016, 7:03 a.m.
  • Length: 32:32
Show
View Real Time Build Order
Export as new Build Order

zod Terran - Winner!

Build Orders: MMM Bio 

Get SALT Encoding   

  12  0:00  SCV  
  13  0:13  SCV  
  14  0:24  Supply Depot  
  14  0:25  SCV  
  15  0:43  Refinery  
  15  0:45  SCV  
  15  0:46  Barracks  
  16  0:57  SCV  
  17  1:09  SCV  
  18  1:21  SCV  
  19  1:31  Command Center  
  19  1:35  Marine  
  20  1:47  SCV  
  20  1:48  Supply Depot  
  21  1:59  SCV  
  22  2:04  Barracks Tech Lab  
  22  2:05  Factory  
  22  2:11  SCV  
  22  2:15  Refinery  
  23  2:25  Orbital Command  
  23  2:34  Supply Depot  
  23  2:37  Marine  
  23  2:41  Combat Shields  
  24  3:00  SCV, Refinery  
  24  3:02  SCV  
  26  3:12  SCV  
  27  3:13  Starport  
  27  3:14  Factory Tech Lab, SCV  
  28  3:24  Supply Depot  
  28  3:32  Engineering Bay  
  28  3:35  Orbital Command  
  28  3:39  SCV  
  29  3:47  Siege Tank  
  32  3:51  Starport Reactor  
  32  4:01  Missile Turret  
  32  4:04  Terran Infantry Weapons Level 1  
  32  4:05  Marine  
  33  4:22  Missile Turret  
  33  4:23  Missile Turret, Marine  
  34  4:25  Liberator  
  34  4:35  SCV  
  34  4:36  SCV  
  34  4:38  Sensor Tower  
  39  4:47  SCV  
  40  4:55  Starport  
  40  5:00  Fusion Core  
  40  5:05  SCV x2  
  42  5:12  Refinery, Liberator  
  42  5:17  SCV  
  42  5:18  SCV  
  44  5:27  Missile Turret  
  44  5:30  SCV x2  
  44  5:32  Starport Tech Lab  
  49  5:36  Widow Mine  
  49  5:38  Marine  
  52  5:43  Barracks  
  52  5:50  Barracks  
  52  5:51  Supply Depot  
  52  5:52  SCV  
  52  5:56  Marine  
  54  6:01  Liberator  
  54  6:05  Widow Mine  
  56  6:13  Marine  
  56  6:16  Command Center  
  57  6:23  Advanced Ballistics  
  60  6:28  Terran Infantry Armor Level 1  
  60  6:31  Stimpack  
  60  6:34  Marine  
  61  6:48  SCV x2  
  63  7:00  SCV x2  
  62  7:14  Missile Turret  
  61  7:22  Liberator x2  
  60  7:27  Marine  
  60  7:29  Barracks Reactor  
  61  7:37  Widow Mine  
  69  7:45  Supply Depot, Marine  
  69  7:47  Supply Depot  
  69  7:49  SCV x2, Liberator  
  69  8:02  Marine  
  69  8:05  Liberator  
  70  8:06  Command Center  
  73  8:15  Cloaking Field  
  73  8:21  Marauder  
  73  8:22  Hi-Sec Auto Tracking  
  78  8:31  Missile Turret  
  78  8:32  Concussive Shells  
  71  8:49  Banshee  
  71  8:52  Command Center  
  71  8:55  SCV x2  
  76  9:08  SCV x2  
  78  9:17  Command Center  
  78  9:20  SCV x2  
  80  9:28  Missile Turret  
  80  9:32  SCV  
  81  9:38  Hyperflight Rotors  
  81  9:41  Banshee  
  84  9:46  Liberator  
  84  9:48  Marine x2  
  84  9:49  Missile Turret  
  86  10:03  Marine  
  86  10:05  Missile Turret, Marine  
  91  10:12  Missile Turret  
  90  10:23  Banshee  
  93  10:30  Liberator x2  
  93  10:35  Missile Turret  
  90  10:44  Marine x3  
  99  11:01  Marine  
  99  11:02  Marine x2  
  99  11:19  Marine x2  
  99  11:20  Marine  
  100  11:36  Supply Depot x2  
  100  11:37  Marine  
  100  11:38  Supply Depot  
  100  11:39  Supply Depot  
  101  11:40  Liberator x2  
  101  11:41  Supply Depot  
  101  11:45  Missile Turret  
  101  11:49  Marine, Widow Mine  
  101  11:56  Marine x2  
  101  11:57  Banshee  
  100  12:07  Missile Turret, Marine  
  93  12:13  Marine x2  
  95  12:17  Widow Mine  
  95  12:20  Barracks Tech Lab  
  97  12:22  Liberator  
  97  12:23  Liberator x2  
  97  12:25  Marine  
  98  12:31  Marine x2  
  100  12:42  Marine  
  110  12:46  Widow Mine  
  110  12:49  Marine  
  110  12:51  Refinery  
  113  12:54  Marine x2  
  113  12:55  Refinery  
  115  13:00  Marine  
  115  13:05  Liberator  
  116  13:06  Supply Depot  
  116  13:07  Marine  
  116  13:12  Marine x2  
  119  13:18  Marine  
  120  13:23  Viking x2  
  120  13:25  Marine  
  128  13:30  Supply Depot, Marine x2  
  125  13:36  Marine  
  121  13:42  Marine  
  121  13:47  Marine  
  121  13:48  Marine  
  121  13:54  Marine  
  104  14:06  Marine  
  92  14:20  Battlecruiser  
  92  14:23  Viking x2  
  92  14:26  Marine  
  92  14:29  Orbital Command  
  93  14:53  Viking x2  
  79  15:23  Viking  
  79  15:24  Battlecruiser  
  83  15:29  Marine x2, Marauder x2  
  81  15:47  Marine x2  
  83  15:50  Marauder, Marine  
  83  15:53  Building Armor  
  86  16:05  Marine x2  
  86  16:08  Marauder  
  90  16:12  Marauder  
  92  16:23  Marine x2  
  94  16:28  Battlecruiser  
  94  16:29  Marine  
  101  16:33  Marine  
  102  16:47  Marine  
  102  16:50  Marine  
  104  16:55  Orbital Command  
  104  17:04  Marine x2  
  104  17:05  Marine  
  107  17:08  Marine  
  104  17:33  Battlecruiser  
  96  17:58  Marine x4  
  100  18:12  Refinery  
  74  18:13  Liberator  
  74  18:16  Marine x4  
  74  18:18  Liberator  
  66  18:33  Marine  
  70  18:34  Marine  
  70  18:37  Battlecruiser  
  80  18:58  Refinery  
  80  19:03  Marine x4  
  84  19:16  Armory  
  84  19:20  Marine  
  84  19:21  Marine x3  
  84  19:23  Command Center  
  87  19:38  Marine  
  87  19:39  Marine x3  
  87  19:41  Battlecruiser  
  96  19:56  Marine  
  96  19:57  Marine x3  
  100  20:08  Refinery  
  100  20:09  Refinery  
  91  20:14  Marine x2  
  76  20:37  Missile Turret  
  76  20:38  Missile Turret  
  76  20:41  Missile Turret, Terran Ship Weapons Level 1  
  76  20:44  Armory  
  76  20:45  Battlecruiser  
  82  20:52  Marine x4  
  86  21:02  Missile Turret  
  86  21:09  Marine  
  86  21:10  Marine x3  
  90  21:24  Command Center  
  90  21:25  Missile Turret  
  90  21:27  Marine x2  
  90  21:28  Marine x2  
  94  21:45  Marine x3, Orbital Command  
  94  21:46  Marine  
  98  21:53  Liberator  
  98  21:54  Liberator  
  98  22:03  Marine x2  
  97  22:09  Battlecruiser  
  97  22:12  Marine  
  97  22:13  Marine  
  98  22:21  Marine x2  
  86  22:30  Marine  
  86  22:31  Marine  
  86  22:36  Liberator x2  
  88  22:37  Planetary Fortress  
  88  22:38  Refinery  
  88  22:39  Marine x2  
  86  22:48  Terran Vehicle Weapons Level 1, Marine x2  
  86  22:49  Terran Ship Weapons Level 2  
  82  22:55  Terran Infantry Weapons Level 2  
  82  22:57  Marine x2  
  77  23:06  Marine x2  
  79  23:14  Battlecruiser, Marine  
  79  23:15  Marine  
  81  23:24  Marine x2  
  83  23:32  Marine x2  
  83  23:36  Viking  
  73  23:41  Marine  
  73  23:42  Marine  
  65  23:50  Marine x2  
  62  23:58  Missile Turret  
  62  23:59  Marine  
  62  24:11  Missile Turret  
  62  24:20  Missile Turret  
  62  24:24  Marine x4  
  66  24:42  Marine x4  
  51  25:00  Marine x4  
  51  25:06  SCV  
  55  25:11  Terran Infantry Armor Level 2  
  53  25:17  Marine  
  53  25:18  SCV, Marine x3  
  56  25:30  SCV  
  55  25:35  Marine x2  
  55  25:36  Marine x2  
  55  25:42  SCV  
  56  25:45  Widow Mine  
  56  25:48  Battlecruiser  
  62  25:53  Marine x3  
  62  25:54  Marine  
  66  26:04  Refinery  
  66  26:11  Marine  
  66  26:13  Widow Mine  
  69  26:19  Marine x2  
  69  26:20  Marine  
  72  26:29  Marine  
  73  26:34  Viking x2  
  64  26:52  Battlecruiser  
  70  26:55  Thor  
  74  27:04  Viking x2  
  78  27:13  Terran Ship Weapons Level 3  
  78  27:17  Terran Vehicle And Ship Armor Level 1  
  78  27:27  Terran Infantry Weapons Level 3  
  77  27:34  Viking x2  
  70  27:38  Thor  
  66  27:45  Marine x3  
  66  27:46  Marine  
  68  27:56  Battlecruiser  
  74  28:03  Marine x3  
  74  28:04  Viking  
  63  28:41  Marine x3  
  66  28:59  Marine  
  67  29:08  Barracks Tech Lab  
  66  29:44  Command Center  
  47  30:18  Marine x4  
  41  30:32  Refinery  
  41  30:33  Refinery  
  41  30:35  Marine  
  41  30:36  Marine x3  
  45  30:43  Missile Turret  
  45  30:53  Marine  
  45  30:54  Marine x3  
  49  31:11  Marine  
  49  31:12  Marine x3  
  53  31:22  Planetary Fortress  
  53  31:29  Marine x3  
  53  31:30  Marine  
  57  31:37  Missile Turret  
  54  31:47  Orbital Command, Marine  
  55  31:58  Missile Turret  
  61  32:21  Missile Turret  
Show
View Real Time Build Order
Export as new Build Order

Blubbel Terran - Winner!

Build Orders:  

Get SALT Encoding   

  12  0:02  SCV  
  13  0:14  SCV  
  14  0:20  Supply Depot  
  14  0:26  SCV  
  15  0:33  Refinery  
  15  0:42  SCV  
  16  0:45  Barracks  
  16  0:54  SCV  
  17  1:06  SCV  
  18  1:18  SCV  
  19  1:30  SCV  
  20  1:33  Supply Depot, Marine  
  21  1:41  Factory  
  21  1:52  SCV  
  21  1:53  Marine  
  23  2:04  SCV  
  23  2:05  Refinery  
  24  2:24  Command Center  
  24  2:30  Starport, Widow Mine  
  24  2:32  Marine  
  27  2:37  SCV  
  28  2:51  Orbital Command  
  28  2:55  Marine  
  29  2:59  Widow Mine  
  31  3:13  Supply Depot  
  31  3:20  Engineering Bay  
  31  3:24  Medivac  
  33  3:31  Barracks Reactor  
  33  3:35  SCV  
  34  3:42  Supply Depot  
  34  3:47  SCV  
  35  4:04  Supply Depot  
  35  4:07  Starport Reactor  
  35  4:09  Factory Tech Lab  
  35  4:10  Marine  
  35  4:11  Marine  
  35  4:16  Barracks  
  37  4:17  Barracks  
  37  4:20  Missile Turret  
  37  4:22  SCV  
  38  4:29  Widow Mine  
  40  4:51  Liberator x2  
  38  5:06  Marine x2  
  41  5:14  Siege Tank  
  41  5:16  SCV, Starport  
  42  5:24  Missile Turret  
  42  5:27  SCV  
  43  5:28  SCV  
  44  5:38  Barracks Reactor, Missile Turret  
  44  5:39  Barracks Tech Lab  
  44  5:48  Orbital Command  
  44  6:00  Starport Tech Lab  
  44  6:08  Fusion Core  
  44  6:13  SCV  
  45  6:19  Marauder, Marine x2  
  50  6:25  SCV  
  50  6:31  Barracks  
  50  6:33  Siege Tank  
  50  6:37  SCV  
  54  6:40  Marauder  
  56  6:47  Refinery  
  56  6:49  SCV x2  
  56  6:53  Marine  
  56  6:54  Marine x2  
  59  6:58  Advanced Ballistics  
  61  7:01  Marauder  
  61  7:02  SCV x2  
  65  7:14  SCV  
  64  7:22  Liberator  
  67  7:45  Liberator  
  67  7:50  SCV  
  67  7:51  Refinery  
  68  7:57  Terran Infantry Armor Level 1, Missile Turret  
  68  8:02  SCV  
  72  8:15  Supply Depot  
  72  8:16  Marine x6  
  78  8:30  Supply Depot  
  78  8:34  SCV, Marine x4  
  78  8:39  Liberator  
  78  8:40  Liberator  
  83  8:46  SCV  
  90  9:06  Siege Tank  
  93  9:11  Supply Depot  
  93  9:12  Supply Depot  
  93  9:38  Siege Tank  
  93  9:45  Liberator x2  
  87  9:46  Liberator  
  84  9:56  Armory  
  84  9:59  Missile Turret  
  84  10:00  Hi-Sec Auto Tracking  
  86  11:04  Liberator x3  
  94  11:26  Marine  
  94  11:27  Marine  
  94  11:30  Terran Infantry Armor Level 2  
  96  11:33  Engineering Bay  
  96  11:38  Armory  
  96  11:41  Marine  
  96  11:42  Marine x3  
  96  11:44  Marine x2  
  102  11:47  Liberator x2  
  102  11:59  Marine x2  
  102  12:00  Marine x2  
  100  12:02  Marine x2  
  103  12:17  Marine x3  
  103  12:20  Marine x2  
  88  12:55  Command Center  
  88  12:59  Marine x2  
  88  13:00  Marine x4  
  88  13:03  Combat Shields  
  94  13:17  Marine x4  
  94  13:18  Marine  
  99  13:27  Refinery  
  51  15:21  Marine x3  
  51  15:22  Marine  
  51  15:23  Marauder  
  51  15:24  Barracks Reactor  
  55  15:36  Liberator x2  
  55  15:39  Marine x4  
  59  15:44  Marauder  
  67  15:57  Marine x2  
  69  16:05  Marauder  
  71  16:11  Command Center  
  71  16:13  Marine x4  
  71  16:14  Marine  
  76  16:26  Refinery  
  76  16:27  Marauder  
  76  16:29  Refinery  
  76  16:30  Refinery  
  78  16:48  Marauder  
  75  17:27  Missile Turret  
  75  17:30  Missile Turret  
  75  17:31  Liberator x2  
  75  17:33  Missile Turret  
  80  18:05  Planetary Fortress  
  80  18:11  Missile Turret  
  80  18:32  Marine x2  
  61  19:50  Marine x7  
  52  20:07  Marine  
  52  20:08  Marine x6  
  47  20:25  Marine x3  
  47  20:26  Marine x4  
  54  20:33  Command Center  
  54  20:36  SCV  
  55  20:43  Marine x4  
  55  20:44  Marine  
  55  20:48  SCV  
  61  21:00  SCV  
  62  21:10  Marine x2  
  64  21:12  SCV  
  65  21:24  SCV  
  32  22:02  Marine x3  
  32  22:03  Marine  
  32  22:06  SCV  
  37  22:12  SCV  
  38  22:18  SCV  
  39  22:24  SCV  
  40  22:30  SCV  
  40  22:36  SCV  
  39  23:00  Medivac  
  41  23:23  Marine  
  41  23:24  Marine x4  
  41  23:25  Marine x2  
  46  23:30  Medivac  
  48  23:34  SCV  
  48  23:36  Bunker  
  49  23:41  Terran Infantry Weapons Level 1, Marine x2  
  49  23:42  Marine  
  49  23:47  SCV  
  53  24:04  SCV  
  54  24:16  SCV  
  55  24:28  SCV  
  55  24:30  Missile Turret  
  56  24:38  Terran Infantry Armor Level 3  
  56  24:51  Missile Turret  
  52  25:47  Marine x3  
  52  25:48  Marine x4  
  59  25:57  Command Center  
  59  26:05  Marine x3  
  59  26:06  Marine x4  
  66  26:22  Marine  
  66  26:23  Marine  
  67  26:29  Missile Turret x2  
  67  26:30  Missile Turret  
  67  26:32  Missile Turret  
  59  26:40  Marine x2  
  59  26:41  Marine x5  
  59  26:46  Terran Infantry Weapons Level 2  
  64  26:53  Missile Turret  
  64  26:58  Marine x4  
  64  26:59  Marine x3  
  71  27:03  Refinery  
  71  27:14  Stimpack  
  71  27:16  Marine x5  
  71  27:17  Marine x2  
  78  27:34  Marine x5  
  68  28:25  Marine x3  
  68  28:26  Marine x2  
  65  28:43  Marine x4  
  65  28:44  Marine  
  65  28:47  Marine  
  71  29:01  Marine x4  
  75  29:51  Marine x2  
  75  29:52  Marine x5  
  82  30:09  Marine x3  
  82  30:10  Marine x4  
  89  30:27  Marine x4  
  89  30:28  Marine x3  
  96  30:40  SCV  
  97  30:45  Marine x5  
  102  30:52  SCV  
  103  30:57  Command Center  
  103  31:04  SCV  
  103  31:05  Marine x5  
  108  32:23  Command Center  
Show
View Real Time Build Order
Export as new Build Order

TurkeyMan Zerg 

Build Orders: Pool First 

Get SALT Encoding   

  12  0:02  Drone  
  13  0:08  Drone  
  14  0:31  Spawning Pool  
  14  0:32  Drone  
  14  0:38  Extractor  
  14  0:39  Drone  
  14  0:44  Overlord  
  14  1:05  Drone  
  14  1:06  Drone x2  
  17  1:17  Drone  
  17  1:18  Extractor  
  17  1:28  Drone  
  18  1:43  Lair  
  18  1:45  Drone  
  19  1:49  Drone  
  20  2:00  Drone  
  21  2:11  Spore Crawler  
  21  2:14  Drone  
  21  2:31  Spine Crawler  
  21  2:32  Hatchery, Drone  
  21  2:33  Drone  
  21  2:46  Drone  
  22  2:52  Spire  
  21  2:59  Overlord  
  21  3:29  Queen  
  21  3:30  Drone  
  21  3:31  Drone x2  
  26  4:03  Mutalisk x3  
  26  4:06  Zerg Flyer Weapons Level 1  
  32  4:14  Mutalisk  
  34  4:21  Drone x2  
  36  4:26  Extractor  
  36  4:27  Overlord x2  
  36  4:30  Overseer  
  35  4:36  Drone  
  36  4:39  Overlord x2  
  34  5:08  Mutalisk x3  
  34  5:12  Drone x2  
  42  5:25  Corruptor  
  44  5:39  Extractor  
  44  5:40  Drone x4  
  47  5:53  Mutalisk x2  
  51  5:58  Overseer  
  51  6:08  Mutalisk  
  53  6:11  Drone x2  
  53  6:12  Drone  
  56  6:23  Queen  
  58  6:25  Overlord  
  58  6:32  Mutalisk x2  
  62  6:42  Zerg Flyer Weapons Level 2  
  62  6:49  Mutalisk  
  64  7:22  Corruptor x3  
  64  8:01  Overlord x2  
  64  8:02  Overlord x2  
  64  8:05  Overseer x2  
  64  8:15  Overlord x2  
  64  8:20  Mutalisk x4  
  50  8:47  Mutalisk x2  
  50  8:48  Mutalisk  
  56  8:58  Zerg Flyer Armor Level 1  
  56  9:00  Corruptor  
  58  9:22  Extractor  
  57  9:24  Mutalisk x3  
  57  9:25  Hatchery  
  62  9:53  Corruptor x3  
  66  10:20  Mutalisk x3  
  54  10:53  Mutalisk x4  
  46  12:40  Mutalisk x4  
  46  12:41  Mutalisk x2  
  58  12:50  Drone x3  
  61  13:00  Zerg Flyer Armor Level 2  
  61  13:04  Drone  
  42  14:04  Overseer  
  42  14:16  Corruptor  
  44  14:17  Mutalisk  
  44  14:18  Mutalisk x11  
  68  14:32  Corruptor  
  56  15:29  Corruptor  
  56  15:30  Corruptor x4  
  62  15:45  Corruptor  
  64  16:08  Corruptor x2  
  68  16:24  Mutalisk  
  68  16:25  Mutalisk  
  72  16:33  Extractor  
  71  17:03  Hatchery  
  71  17:05  Extractor  
  71  17:06  Extractor  
  66  17:44  Mutalisk x3  
  66  17:45  Mutalisk x3  
  76  17:59  Mutalisk  
  70  18:30  Mutalisk x2  
  70  18:33  Drone x3  
  77  18:35  Drone x3  
  76  18:49  Drone x2  
  76  18:50  Drone  
  79  19:06  Mutalisk  
  58  19:53  Mutalisk  
  58  19:54  Mutalisk x2  
  61  20:42  Drone  
  62  20:49  Drone x3  
  65  20:57  Hatchery, Mutalisk x2  
  65  20:58  Mutalisk  
  70  21:12  Drone x2  
  72  21:28  Mutalisk  
  74  21:35  Hatchery  
  74  21:37  Extractor  
  74  21:38  Extractor  
  51  23:00  Mutalisk  
  51  23:01  Mutalisk x4  
  51  24:02  Mutalisk x3  
  57  24:10  Infestation Pit  
  57  24:16  Drone x3  
  59  24:24  Extractor  
  59  24:27  Extractor  
  54  25:04  Mutalisk  
  54  25:05  Mutalisk x3  
  60  25:53  Drone x3  
  60  25:54  Drone  
  60  25:55  Drone x2  
  61  26:44  Mutalisk  
  61  26:45  Mutalisk x5  
  73  27:01  Overseer x2  
  73  27:14  Drone x2  
  75  27:16  Drone  
  75  27:18  Drone x3  
  75  27:19  Mutalisk x2  
  81  28:02  Mutalisk  
  81  28:03  Mutalisk x5  
  91  28:11  Zergling x8  
  91  28:45  Overlord x5  
  91  28:46  Overlord  
  91  29:05  Hatchery  
  90  29:36  Mutalisk x7  
  63  30:27  Drone  
  63  30:28  Drone  
  65  30:38  Drone  
Show
View Real Time Build Order
Export as new Build Order

Rellen Protoss 

Build Orders:  

Get SALT Encoding   

  12  0:02  Probe (Chrono Boost)  
  13  0:13  Probe (Chrono Boost)  
  14  0:21  Pylon  
  14  0:26  Probe (Chrono Boost)  
  15  0:41  Gateway  
  15  0:49  Probe (Chrono Boost)  
  16  1:01  Pylon  
  16  1:07  Forge, Assimilator  
  16  1:08  Probe (Chrono Boost)  
  17  1:25  Assimilator  
  17  1:29  Zealot (Chrono Boost)  
  19  1:36  Probe (Chrono Boost)  
  20  1:45  Photon Cannon  
  20  1:47  Probe (Chrono Boost)  
  20  1:54  Pylon  
  21  1:58  Probe (Chrono Boost)  
  23  2:08  Probe (Chrono Boost)  
  23  2:19  Probe (Chrono Boost)  
  24  2:24  Photon Cannon  
  24  2:29  Probe (Chrono Boost)  
  25  2:30  Photon Cannon  
  25  2:32  Cybernetics Core  
  25  2:40  Gateway  
  25  3:12  Twilight Council  
  25  3:15  Robotics Facility  
  25  3:18  Pylon  
  25  3:43  Pylon  
  25  3:45  Nexus  
  25  3:48  Assimilator  
  25  3:56  Stalker (Chrono Boost)  
  27  4:06  Observer (Chrono Boost)  
  28  4:15  Assimilator  
  28  4:20  Pylon  
  28  4:25  Pylon  
  28  4:28  Stalker (Chrono Boost)  
  28  4:29  Pylon  
  30  4:44  Stalker (Chrono Boost)  
  31  5:19  Observer (Chrono Boost)  
  32  5:31  Stalker (Chrono Boost)  
  32  5:33  Stalker (Chrono Boost)  
  36  5:40  Probe (Chrono Boost)  
  37  5:51  Probe (Chrono Boost)  
  38  5:58  Blink (Chrono Boost)  
  38  6:00  Stalker, Probe  
  38  6:02  Stalker  
  43  6:09  Pylon  
  43  6:11  Probe  
  43  6:15  Robotics Bay  
  44  6:30  Stalker  
  44  6:32  Stalker  
  48  6:33  Probe  
  48  6:44  Probe  
  49  6:54  Probe  
  49  7:00  Stalker  
  52  7:02  Stalker  
  52  7:05  Probe  
  55  7:15  Probe  
  55  7:19  Protoss Ground Weapons Level 1 (Chrono Boost)  
  56  7:26  Probe  
  57  7:30  Stalker  
  57  7:32  Stalker  
  57  7:36  Photon Cannon  
  57  7:37  Probe  
  61  7:40  Photon Cannon  
  62  7:47  Probe  
  63  7:58  Probe  
  63  8:00  Stalker  
  63  8:02  Stalker  
  68  8:08  Probe  
  69  8:19  Probe  
  69  8:26  Colossus (Chrono Boost)  
  76  8:30  Stalker  
  76  8:32  Stalker  
  80  9:00  Stalker, Nexus  
  80  9:02  Stalker  
  84  9:04  Assimilator  
  84  9:08  Assimilator  
  84  9:11  Pylon  
  84  9:14  Colossus (Chrono Boost), Pylon  
  90  9:19  Pylon  
  90  9:30  Stalker  
  90  9:32  Stalker  
  86  10:00  Stalker  
  86  10:26  Observer (Chrono Boost)  
  87  10:29  Stalker (Chrono Boost)  
  87  10:30  Stalker (Chrono Boost)  
  91  10:55  Stalker (Chrono Boost)  
  91  10:56  Stalker (Chrono Boost)  
  95  11:11  Protoss Ground Weapons Level 2 (Chrono Boost)  
  95  11:18  Stalker  
  95  11:23  Stalker  
  97  11:44  Stalker  
  97  11:53  Stalker  
  97  12:10  Stalker  
  93  12:23  Stalker  
  89  12:53  Stalker x2  
  93  13:19  Stalker  
  93  13:23  Stalker  
  95  13:53  Stalker  
  93  14:38  Colossus (Chrono Boost)  
  89  15:37  Pylon  
  89  15:55  Colossus (Chrono Boost)  
  95  16:05  Nexus  
  95  16:12  Pylon  
  95  16:13  Pylon  
  95  16:15  Pylon  
  95  16:16  Pylon, Assimilator x2  
  95  16:18  Pylon  
  95  16:30  Stalker x2  
  99  16:41  Colossus (Chrono Boost)  
  99  16:44  Nexus  
  105  16:49  Pylon  
  105  16:52  Pylon  
  105  16:55  Extended Thermal Lance (Chrono Boost)  
  105  16:57  Photon Cannon  
  105  17:00  Stalker x2  
  106  17:30  Stalker  
  106  17:32  Colossus  
  93  18:26  Colossus  
  77  19:19  Colossus  
  33  21:01  Nexus  
  33  21:05  Assimilator  
  33  21:08  Assimilator  
  33  21:12  Pylon  
  21  26:15  Colossus (Chrono Boost)  
  27  26:18  Nexus  
  27  27:00  Pylon  
  27  27:03  Pylon  
  9  28:54  Probe  
  10  29:27  Probe  
  5  30:39  Probe  
  6  30:50  Probe  
  7  31:00  Probe  
  8  31:11  Probe  
  8  31:21  Probe  
  9  31:32  Probe  
  10  31:42  Probe  
  11  31:53  Probe  
Tags
 
Add a new tag
Caveats
  • Supply blocks, unpowered buildings, or Contaminate may cause inaccurate times.
  • Supply counts are checked every 10 seconds.